 Dungeon Crawl Stone Soup version 0.18.1-1-g2f07953 (webtiles) character file.

13848 Ryco the Nimble (level 12, -5/79 HPs)
             Began as an Octopode Transmuter on May 10, 2016.
             Was a High Priest of Makhleb.
             Killed from afar by a lindwurm (29 damage)
             ... with a blast of flame
             ... on level 3 of the Lair of Beasts.
             The game lasted 00:58:31 (11025 turns).

Ryco the Nimble (Octopode Transmuter)              Turns: 11025, Time: 00:58:32

Health: -5/79      AC:  8    Str: 14    XL:     12   Next: 10%
Magic:  10/21      EV: 33    Int: 20    God:    Makhleb [*****.]
Gold:   656        SH:  0    Dex: 24    Spells: 4 memorised, 9 levels left

rFire  . . .     SeeInvis .       - Unarmed
rCold  . . .     Gourm    .     (shield currently unavailable)
rNeg   . . .     Faith    +     (helmet currently unavailable)
rPois  x         Spirit   .     n - amulet of faith
rElec  .         Dismiss  .     e - ring of stealth
rCorr  .         Reflect  .     r - +6 ring of protection
SustAt +         Harm     .     C - ring of sustain attributes
MR     .....                    N - +6 ring of dexterity
Stlth  +++++.....               (no ring)
                                (no ring)
                                (no ring)
                                (no ring)

@: mighty, spider-form (expiring), flying, not resistant to hostile
enchantments, quite stealthy
A: almost no armour, (amphibious), 8 rings, (constrict 8), (camouflage 0),
(gelatinous body 0)
a: End Transformation, Minor Destruction, Lesser Servant of Makhleb, Major
Destruction, Greater Servant of Makhleb, Renounce Religion


You were on level 3 of the Lair of Beasts.
You worshipped Makhleb.
Makhleb was extremely pleased with you.
You were not hungry.
You were a venomous arachnid creature.
You visited 3 branches of the dungeon, and saw 15 of its levels.

You collected 987 gold pieces.
You spent 331 gold pieces at shops.

Inventory:

Hand Weapons
 b - a +1 blowgun
 G - a +0 trident
Missiles
 a - 171 arrows
 h - 23 poisoned needles
 o - 7 javelins
 I - 3 silver javelins
Jewellery
 e - a ring of stealth (left front leg)
 n - an amulet of faith (around neck)
 r - a +6 ring of protection (right front leg)
 C - a ring of sustain attributes (on tentacle)
 N - a +6 ring of dexterity (on tentacle)
Wands
 g - a wand of slowing (26/48)
 w - a wand of acid (6/15)
 K - a wand of disintegration (14/24)
 Q - a wand of iceblast (2/15)
Scrolls
 f - 3 scrolls of fog
 k - 2 scrolls of immolation
 l - 3 scrolls of amnesia
 q - a scroll of acquirement {unknown}
 s - 9 scrolls of teleportation
 x - a scroll of enchant armour {unknown}
 y - 2 scrolls of recharging
 B - 8 scrolls of remove curse {unknown}
 D - 2 scrolls of noise
 E - 3 scrolls of fear
 M - a scroll of summoning
 P - a scroll of magic mapping
 R - 2 scrolls of silence {unknown}
 S - a scroll of blinking {unknown}
Potions
 i - 2 potions of resistance
 j - 2 potions of might
 m - a potion of invisibility
 p - 2 potions of heal wounds
 u - a potion of cure mutation
 v - 4 potions of curing
 z - a potion of berserk rage
 H - a potion of cancellation
 J - 2 potions of lignification
 T - 2 potions of haste
 U - a potion of ambrosia {unknown}
 V - a potion of agility {unknown}
Books
 t - a book of Changes

   Spells                             Type                      Level
   a - Beastly Appendage              Transmutation                1
   b - Sticks to Snakes               Transmutation                2
   c - Spider Form                    Transmutation/Poison         3
   d - Ice Form                       Ice/Transmutation            4
   e - Blade Hands                    Transmutation                5
 F - a Grand Grimoire

   Spells                             Type                      Level
   a - Monstrous Menagerie            Summoning                    7
   b - Summon Greater Demon           Summoning                    7
   c - Malign Gateway                 Summoning/Translocation      7
   d - Summon Horrible Things         Summoning                    8
Miscellaneous
 A - a legendary deck of changes
Comestibles
 c - 8 bread rations
 d - 3 meat rations
 O - 6 fruits


   Skills:
 + Level 6.0 Fighting
 - Level 1.5 Throwing
 * Level 10.4 Dodging
 * Level 4.1 Stealth
 + Level 9.4 Unarmed Combat
 + Level 6.2 Spellcasting
 + Level 8.3 Transmutations
 - Level 3.6 Ice Magic
 - Level 4.0 Invocations
 + Level 1.9 Evocations


You had 9 spell levels left.
You knew the following spells:

 Your Spells              Type           Power        Failure   Level  Hunger
b - Sticks to Snakes      Trmt           #####...     4%          2    None
c - Spider Form           Trmt/Pois      ###.......   21%         3    ##.....
d - Ice Form              Ice/Trmt       ####....     24%         4    ####...
e - Blade Hands           Trmt           #####.....   28%         5    #####..


Dungeon Overview and Level Annotations

Branches:
Dungeon (11/15)            Temple (1/1) D:6            Lair (3/8) D:8
    Orc (0/2) D:10
  Swamp: Lair:3-6    Shoals: Lair:3-6     Snake: Lair:3-6    Spider: Lair:3-6

Altars:
Ashenzari
Cheibriados
Dithmenos
Elyvilon
Fedhas
Gozag
Kikubaaqudgha
Makhleb
Nemelex Xobeh
Okawaru
Pakellas
Qazlal
Ru
Sif Muna
Trog
Vehumet
Xom
Yredelemnul
Zin
The Shining One

Shops:
D:7 ?

Annotations:
D:3 Demise's ghost, amateur TeAs
D:11 Psyche


Innate Abilities, Weirdness & Mutations

You cannot wear most types of armour.
((You are amphibious.))
You can wear up to eight rings at the same time.
((You can use your tentacles to constrict eight enemies at once.))
((Your skin changes colour to match your surroundings (Stealth).))
((Your rubbery body absorbs attacks (AC +1).))


Message History

* * * LOW HITPOINT WARNING * * *
You hit the lindwurm but do no damage.
The lindwurm is moderately wounded.
Your orange demon stings the lindwurm.
Your orange demon poisons the lindwurm!
Your orange demon hits the lindwurm but does no damage.
The lindwurm bites your orange demon!
The lindwurm claws your orange demon but does no damage.
The lindwurm closely misses your orange demon.
Your orange demon stings the lindwurm!
Your orange demon poisons the lindwurm!
Your orange demon hits the lindwurm.
The lindwurm bites your orange demon!
The lindwurm claws your orange demon. x2
Your orange demon dies!
Drink which item? (? for menu, Esc to quit)
You feel better. The lindwurm completely misses you.
The lindwurm closely misses you. x2
Unknown command.
A demon appears!
You feel slightly more hungry. The lindwurm breathes flames at you.
The blast of flame hits you!
You die...

#...≈≈≈≈≈≈...##..§§§§≈§≈.##†.#
#...≈≈≈≈≈§..####SS≈§§≈≈≈.#...#
#...≈§§§≈..#.$(S#S.§≈≈≈.....##
#...§≈§≈≈.##%"k%##.≈≈§§§≈...#
###§≈§≈≈≈.##)kkk##.≈≈≈§§≈...##
#..≈≈≈≈..#.(!.#..≈≈≈≈§.#....
##..§≈≈§≈..####†.≈≈≈§≈S......
#..≈§≈≈§≈...##...≈≈≈≈≈...P.#.
#....§≈§≈≈≈4skk≈≈≈≈≈≈....P##
##..§§§≈≈§≈§≈§≈≈≈§§≈≈.....##
##.§§§§≈≈≈≈≈§§§§≈≈≈.......#.
#.§§≈§≈≈≈≈≈≈≈§§§≈......P...
#.#.§§§§≈≈≈≈≈≈≈≈≈...........
#.......≈≈.≈≈..§....##..####
#.#††#.....≈........# ..# #
##..................# ...[.F
#....###†#..###....# P##.P.


You could see 2 lindwurms and a friendly orange demon.

Vanquished Creatures
  3 hydras
  A lindwurm (Lair:3)
  A black mamba (Lair:2)
  3 spiny frogs
  3 komodo dragons
  A troll (D:9)
  Grinder (D:6)
  11 yaks
  2 wyverns (D:9)
  A hungry ghost (D:7)
  Menkaure (D:4)
  A hippogriff (Lair:3)
  The ghost of Ryco the Insei, an amateur OpTm (D:4)
  Edmund (D:6)
  5 porcupines
  2 water moccasins (Lair:2)
  An orc warrior (D:10)
  Duvessa (D:4)
  4 phantoms
  3 ogres
  2 wolves (Lair:3)
  6 centaurs
  2 crocodiles
  8 giant frogs
  Dowan (D:4)
  3 scorpions
  4 wights (D:9)
  3 killer bees (D:5)
  An electric eel (D:9)
  5 howler monkeys
  4 hounds
  A giant frog zombie (D:6)
  2 orc priests
  8 orc wizards
  A gnoll shaman (D:4)
  Crazy Yiuf (D:4)
  Jessica (D:3)
  6 iguanas
  5 worker ants
  10 sheep
  A killer bee zombie (D:7)
  A hound zombie (D:9)
  A hound skeleton (D:4)
  A howler monkey zombie (D:5)
  3 worker ant zombies
  4 gnolls (D:4)
  11 adders
  13 river rats
  2 shadow imps
  3 oozes
  An adder zombie (D:5)
  An adder skeleton (D:5)
  A worm (D:4)
  A dart slug (D:3)
  7 giant geckos
  47 orcs
  9 bats
  3 giant cockroaches
  12 goblins
  7 hobgoblins
  10 jackals
  6 quokkas
  3 ball pythons
  5 giant newts
  7 kobolds
  4 rats
  A spectral orc (D:3)
  2 fungi (D:4)
  A plant (Lair:2)
289 creatures vanquished.

Vanquished Creatures (collateral kills)
  A hydra (Lair:1)
  A lindwurm (Lair:3)
  Joseph (Lair:1)
  A spiny frog (Lair:3)
  A rime drake (Lair:2)
  2 yaks
  A hippogriff (Lair:2)
  2 water moccasins
  3 porcupines
  2 wolves (Lair:3)
  A crocodile (Lair:2)
  A giant frog (Lair:1)
  A wight (D:9)
  2 sheep (Lair:3)
  2 river rats (Lair:1)
22 creatures vanquished.

Vanquished Creatures (others)
  2 fungi (Lair:1)
  3 plants
5 creatures vanquished.

Grand Total: 316 creatures vanquished

Notes
Turn   | Place    | Note
--------------------------------------------------------------
     0 | D:1      | Ryco the Octopode Transmuter began the quest for the Orb.
     0 | D:1      | Reached XP level 1. HP: 13/13 MP: 3/3
   176 | D:1      | Reached XP level 2. HP: 8/18 MP: 3/5
   180 | D:1      | Learned a level 2 spell: Sticks to Snakes
   511 | D:1      | Reached XP level 3. HP: 8/23 MP: 4/6
   516 | D:1      | Learned a level 3 spell: Spider Form
   961 | D:2      | Found a glowing golden altar of the Shining One.
   975 | D:2      | Found an opulent altar of Gozag.
   978 | D:2      | Found an iron altar of Okawaru.
   981 | D:2      | Found a sacrificial altar of Ru.
  1224 | D:2      | Reached XP level 4. HP: 25/28 MP: 3/7
  1712 | D:3      | Found a snail-covered altar of Cheibriados.
  1751 | D:3      | Noticed Jessica
  1778 | D:3      | Killed Jessica
  1837 | D:3      | Reached XP level 5. HP: 28/33 MP: 4/8
  1890 | D:3      | Noticed Demise's ghost (amateur TeAs)
  1992 | D:3      | Found a basalt altar of Yredelemnul.
  2207 | D:4      | Noticed Menkaure
  2309 | D:4      | Killed Menkaure
  2309 | D:4      | Reached skill level 3 in Dodging
  2309 | D:4      | Reached XP level 6. HP: 19/39 MP: 4/10
  2462 | D:4      | Learned a level 4 spell: Ice Form
  2560 | D:4      | Found a bloodstained altar of Trog.
  2628 | D:4      | Reached skill level 1 in Ice Magic
  2648 | D:4      | Noticed Dowan
  2655 | D:4      | Noticed Duvessa
  2669 | D:4      | Killed Duvessa
  2669 | D:4      | Reached XP level 7. HP: 41/45 MP: 2/11
  2684 | D:5      | Entered Level 5 of the Dungeon
  2720 | D:5      | Found a blossoming altar of Fedhas.
  2950 | D:4      | Killed Dowan
  3057 | D:4      | Noticed Ryco's ghost (amateur OpTm)
  3059 | D:4      | Reached skill level 1 in Throwing
  3075 | D:4      | Reached skill level 4 in Dodging
  3123 | D:4      | Killed Ryco's ghost
  3123 | D:4      | Reached skill level 5 in Unarmed Combat
  3126 | D:4      | Reached XP level 8. HP: 40/51 MP: 6/13
  3139 | D:4      | Learned a level 5 spell: Blade Hands
  3705 | D:4      | Noticed Crazy Yiuf
  3713 | D:4      | Killed Crazy Yiuf
  4084 | D:5      | Reached skill level 5 in Dodging
  4206 | D:5      | Reached skill level 5 in Transmutations
  4416 | D:5      | Reached XP level 9. HP: 57/57 MP: 15/15
  4674 | D:6      | Noticed Edmund
  4687 | D:6      | Killed Edmund
  4727 | D:6      | Found an oddly glowing altar of Pakellas.
  4817 | D:6      | Noticed Grinder
  4832 | D:6      | Killed Grinder
  4881 | D:6      | Found a staircase to the Ecumenical Temple.
  4939 | Temple   | Entered the Ecumenical Temple
  5013 | D:6      | Found a deep blue altar of Sif Muna.
  5556 | D:7      | Noticed an angel
  5579 | D:7      | Found a shimmering altar of Xom.
  5579 | D:7      | Found a glowing silver altar of Zin.
  5588 | D:7      | Found a shattered altar of Ashenzari.
  6007 | D:7      | Found Zuoteag's Magic Scroll Shoppe.
  6015 | D:7      | Bought 3 scrolls of teleportation for 117 gold pieces
  6015 | D:7      | Bought a scroll of teleportation for 39 gold pieces
  6015 | D:7      | Bought a scroll of recharging for 123 gold pieces
  6015 | D:7      | Bought a scroll of identify for 26 gold pieces
  6015 | D:7      | Bought a scroll of identify for 26 gold pieces
  6762 | D:8      | Found a staircase to the Lair.
  6962 | D:8      | Reached skill level 6 in Dodging
  6965 | D:9      | Noticed a troll
  6978 | D:9      | Killed a troll
  6978 | D:9      | Reached skill level 1 in Evocations
  6988 | D:9      | Found a burning altar of Makhleb.
  6988 | D:9      | Found a shadowy altar of Dithmenos.
  6993 | D:9      | Became a worshipper of Makhleb the Destroyer
  7585 | D:9      | Reached skill level 1 in Invocations
  7774 | D:9      | Reached * piety under Makhleb
  7780 | D:9      | Reached XP level 10. HP: 63/63 MP: 4/17
  8020 | D:10     | Entered Level 10 of the Dungeon
  8102 | D:10     | Found a sparkling altar of Nemelex Xobeh.
  8281 | D:10     | Reached ** piety under Makhleb
  8299 | D:10     | Found a staircase to the Orcish Mines.
  8597 | D:10     | Found a blossoming altar of Fedhas.
  8746 | D:11     | Noticed Psyche
  8747 | D:11     | Reached *** piety under Makhleb
  8825 | Lair:1   | Entered Level 1 of the Lair of Beasts
  8834 | Lair:1   | Reached skill level 5 in Spellcasting
  8913 | Lair:1   | Noticed Joseph
  8951 | Lair:1   | Killed Joseph
  8951 | Lair:1   | Reached skill level 7 in Dodging
  9387 | Lair:1   | Reached **** piety under Makhleb
  9444 | Lair:1   | Noticed an eight-headed hydra
  9451 | Lair:1   | Killed an eight-headed hydra
  9764 | Lair:2   | Reached skill level 5 in Fighting
  9767 | Lair:2   | Reached skill level 8 in Dodging
  9772 | Lair:2   | Reached XP level 11. HP: 71/71 MP: 10/19
  9847 | Lair:2   | Noticed a four-headed hydra
  9856 | Lair:2   | Killed a four-headed hydra
  9964 | Lair:2   | Reached skill level 9 in Dodging
 10602 | Lair:3   | Reached ***** piety under Makhleb
 10793 | Lair:3   | Reached skill level 1 in Stealth
 10799 | Lair:3   | Noticed a seven-headed hydra
 10823 | Lair:3   | Killed a seven-headed hydra
 10945 | Lair:3   | Reached skill level 10 in Dodging
 10949 | Lair:3   | Noticed a five-headed hydra
 10957 | Lair:3   | Killed a five-headed hydra
 10966 | Lair:3   | Reached XP level 12. HP: 78/78 MP: 11/21
 11025 | Lair:3   | Killed from afar by a lindwurm

Skill      XL: |  1  2  3  4  5  6  7  8  9 10 11 12 |
---------------+-------------------------------------+-----
Unarmed Combat | 4 5 7 8 9 |  9.4
Transmutations | 3 4 5 6 7 8 |  8.3
Dodging        | 3 4 5 6 8 10 | 10.4
Fighting       | 2 3 4 5 6 |  6.0
Spellcasting   | 3 4 5 6 |  6.2
Ice Magic      | 1 2 3 |  3.6
Throwing       | 1 |  1.5
Evocations     | 1 |  1.9
Invocations    | 1 4 |  4.0
Stealth        | 3 4 |  4.1

Action                   |  1- 3 |  4- 6 |  7- 9 | 10-12 || total
-------------------------+-------+-------+-------+-------++-------
Melee: Unarmed           |    82 |   126 |   314 |   430 ||   952
       Constrict         |    18 |    10 |    24 |    19 ||    71
       Kick              |     9 |     1 |       |       ||    10
       Tentacles         |    10 |     7 |    17 |    23 ||    57
       Punch             |     2 |     1 |     7 |     8 ||    18
 Fire: Blowgun           |       |     7 |    32 |     6 ||    45
Throw: Javelin           |       |     1 |     2 |       ||     3
 Cast: Beastly Appendage |    11 |     3 |       |       ||    14
       Spider Form       |     3 |     9 |    27 |    24 ||    63
       Sticks to Snakes  |       |     5 |    10 |    27 ||    42
       Ice Form          |       |       |     6 |     8 ||    14
       Blade Hands       |       |       |       |     3 ||     3
Invok: Lesser Servant of |       |       |       |    12 ||    12
 Abil: End Transformatio |       |     1 |     3 |     4 ||     8
Evoke: Wand              |       |       |    26 |     1 ||    27
  Use: Scroll            |       |     6 |    10 |     5 ||    21
       Potion            |       |     1 |       |     6 ||     7
 Stab: Sleeping          |     7 |     5 |     8 |     9 ||    29
       Distracted        |       |       |     2 |     5 ||     7
  Eat: Beef jerky        |     1 |       |     1 |     3 ||     5
       Chunk             |       |     4 |     9 |       ||    13
       Fruit             |       |     3 |     9 |     9 ||    21
       Royal jelly       |       |       |     1 |       ||     1
       Pizza             |       |       |     2 |       ||     2
       Meat ration       |       |       |       |     1 ||     1
Armor: Skin              |     6 |    10 |    75 |    39 ||   130
Dodge: Dodged            |    51 |    85 |   231 |   346 ||   713
